[Event "Masters Tournament (MTO)"]
[Site "Biel, Switzerland"]
[Date "2026.07.16"]
[Round "4.1"]
[White "Acs, Peter"]
[Black "Ganguly, Surya Shekhar"]
[Result "1-0"]
[TimeControl "100+30+30sec/move"]
[WhiteTitle "-"]
[BlackTitle "-"]
[WhiteFideId "708020"]
[BlackFideId "5002150"]
[WhiteElo "2561"]
[BlackElo "2578"]

1. e4 e6 2. d4 d5 3. e5 c5 4. c3 Nc6 5. Nf3 Bd7 6. Be2 Nge7 7. Na3 cxd4 8. cxd4 Nf5 9. Nc2 Be7 10.
O-O O-O 11. Bd2 f6 12. exf6 Bxf6 13. Bc3 Be8 14. Re1 a6 15. h3 Qd7 16. Nb4 Bg6 17. Nxc6 Qxc6 18. Bf1 Qd7 19. Qe2 Rae8 20.
Rac1 Nd6 21. Bb4 Be4 22. Ne5 Qd8 23. f3 Bf5 24. Red1 h6 25. Qe1 Bg5 26. Ba5 b6 27. Bd2 Bh4 28.
g3 Bf6 29. Bb4 a5 30. Ba3 Bh7 31. Rc6 Be7 32. Rc3 Bf6 33. Kg2 h5 34. Rdc1 b5 35. Bxd6 Qxd6 36. Bxb5 Rb8 37. a4 Qb4 38.
b3 Qxd4 39. Nd7 Bf5 40. Nxb8 Rxb8 41. g4 Bg6 42. Qxe6+ Kh7 43. Qe2 Qf4 44. Bd3 Bxc3 45. Rxc3 Rb6 46. Bxg6+ Rxg6 47. Qe3 Qd6 48.
Rc8 hxg4 49. fxg4 Re6 50. Qd3+ Re4 51. Re8 Qc6 52. Rxe4 dxe4 53. Qc4 Qe8 54. Qd5 e3 55. Qh5+ Qxh5 56.
gxh5 Kh6 57. Kf3 Kxh5 58. b4 axb4 59. Kxe3 1-0

[Event "Masters Tournament (MTO)"]
[Site "Biel, Switzerland"]
[Date "2026.07.16"]
[Round "4.2"]
[White "Elmi, Saad Abobaker"]
[Black "Ghosh, Diptayan"]
[Result "1/2-1/2"]
[TimeControl "100+30+30sec/move"]
[WhiteTitle "-"]
[BlackTitle "-"]
[WhiteFideId "1553259"]
[BlackFideId "5045207"]
[WhiteElo "2399"]
[BlackElo "2554"]

1. e4 e5 2. Nf3 Nc6 3. d4 exd4 4. Nxd4 Bc5 5. Nb3 Bb6 6. Nc3 d6 7. Qe2 a5 8. Be3 a4 9. Bxb6 axb3 10.
Be3 bxa2 11. Rxa2 Rxa2 12. Nxa2 Nf6 13. Nc3 O-O 14. Qd2 Re8 15. Bd3 Nb4 1/2-1/2

[Event "Masters Tournament (MTO)"]
[Site "Biel, Switzerland"]
[Date "2026.07.16"]
[Round "4.3"]
[White "Aronyak, Ghosh"]
[Black "Haimovich, Tal"]
[Result "1/2-1/2"]
[TimeControl "100+30+30sec/move"]
[WhiteTitle "-"]
[BlackTitle "-"]
[WhiteFideId "25072846"]
[BlackFideId "2801698"]
[WhiteElo "2549"]
[BlackElo "2310"]

1. Nf3 d5 2. g3 Nd7 3. d4 Nb6 4. a4 a5 5. Nc3 Bf5 6. Nh4 Bg4 7. h3 Bh5 8. Ng2 e6 9. Nf4 Bg6 10.
Nxg6 hxg6 11. Bg2 Bb4 12. Qd3 Nf6 13. O-O O-O 14. b3 Nbd7 15. Na2 Bd6 16. c4 c6 17. Bb2 Re8 18. Rad1 Qe7 19.
Qc2 Rac8 20. Nc3 b6 21. e3 Red8 22. Qe2 Ba3 23. Ba1 Bb4 24. Rc1 dxc4 25. Qxc4 e5 26. Rc2 Bxc3 27. Bxc3 e4 28.
b4 axb4 29. Bxb4 c5 30. Ba3 Qe8 31. Rfc1 Ra8 32. Bb2 Ra7 33. Qb3 Rda8 34. Rc4 Qe6 35. Qc2 Ra5 36. g4 g5 37. dxc5 Nxc5 38.
Bxf6 Qxf6 39. Bxe4 R8a7 40. Qd1 g6 41. Bc2 Rd7 42. Qe2 Raa7 43. Rd1 Kg7 44. Rxd7 Nxd7 45. Rd4 Ne5 46. Be4 Nd7 47.
Qb5 Nc5 48. Qc6 Qe5 49. Bf3 Ne6 50. Rd1 Qa5 51. Rb1 Qxa4 52. Qxb6 Qc2 53. Bd5 Ra6 54. Qb4 Qc7 55. Qb2+ Kg8 56.
Rc1 Qd8 57. Qb7 Rb6 58. Qa7 Rd6 59. Bxe6 Rxe6 60. Qb7 Kg7 61. Qb5 Rd6 62. Qe5+ Qf6 63. Rc5 Qxe5 64. Rxe5 Kf6 65. Rc5 Ra6 66.
Kg2 Ra1 67. Rc6+ Kg7 68. Rc4 Kf6 69. f4 gxf4 70. Rxf4+ Kg7 71. h4 Ra5 72. Rf1 Rb5 73. Kg3 Ra5 74. Rh1 Rb5 75. Kf4 Ra5 76.
e4 Rb5 77. Rd1 Rb2 78. h5 Rh2 79. Kg3 Re2 80. Kf4 Rh2 81. Rd5 gxh5 82. gxh5 Rh4+ 83. Kf3 Kh6 84. Rd6+ Kg7 85. Rd5 Kh6 86.
Rf5 Rxh5 87. Rxf7 Kg6 88. Rf8 Kg7 89. Rf4 Ra5 90. Rf5 Rxf5+ 91. exf5 Kf6 92. Ke2 Kxf5 1/2-1/2

[Event "Masters Tournament (MTO)"]
[Site "Biel, Switzerland"]
[Date "2026.07.16"]
[Round "4.4"]
[White "Kozak, Adam"]
[Black "Dong, Hongfu"]
[Result "1/2-1/2"]
[TimeControl "100+30+30sec/move"]
[WhiteTitle "-"]
[BlackTitle "-"]
[WhiteFideId "753246"]
[BlackFideId "8626960"]
[WhiteElo "2531"]
[BlackElo "2353"]

1. Nf3 Nf6 2. c4 c5 3. b3 d5 4. cxd5 Nxd5 5. Bb2 Nc6 6. Nc3 e5 7. e3 Be7 8. Bb5 f6 9. Nxd5 Qxd5 10.
Bc4 Qd6 11. d4 cxd4 12. exd4 exd4 13. O-O Bg4 14. Rc1 O-O-O 15. Bb5 Qd5 16. Bxc6 bxc6 17. Qd3 1/2-1/2

[Event "Masters Tournament (MTO)"]
[Site "Biel, Switzerland"]
[Date "2026.07.16"]
[Round "4.5"]
[White "Lu, Miaoyi"]
[Black "Gopal, G.N."]
[Result "0-1"]
[TimeControl "100+30+30sec/move"]
[WhiteTitle "-"]
[BlackTitle "-"]
[WhiteFideId "8618020"]
[BlackFideId "5015693"]
[WhiteElo "2392"]
[BlackElo "2529"]

1. e4 c5 2. Nf3 d6 3. d4 cxd4 4. Nxd4 Nf6 5. Nc3 a6 6. a4 e5 7. Nf3 Be7 8. Bg5 Be6 9. Bxf6 Bxf6 10. Nd5 Nd7 11. Bc4 Rc8 12. Qe2 Nb6 13. Nxf6+ Qxf6 14. Bxe6 Qxe6 15.
O-O O-O 16. Rfd1 Rc6 17. c3 Nd7 18. Nd2 Nc5 19. Nf1 h6 20. f3 f5 21. b4 Nd7 22. exf5 Rxf5 23. Ne3 Rf7 24. Nd5 Nf6 25.
c4 Rc8 26. Nb6 Re8 27. Qd2 e4 28. Re1 Qf5 29. Ra3 a5 30.
Rae3 axb4 31. Qxb4 Rfe7 32. Kh1 exf3 33. Rxe7 Rxe7 34. gxf3 Qxf3+ 35. Kg1 Ng4 36. Qd2 Rxe1+ 37. Qxe1 Ne3 0-1

[Event "Masters Tournament (MTO)"]
[Site "Biel, Switzerland"]
[Date "2026.07.16"]
[Round "4.6"]
[White "Alexakis, Dimitris"]
[Black "Pleschke, Julius Jonas"]
[Result "1/2-1/2"]
[TimeControl "100+30+30sec/move"]
[WhiteTitle "-"]
[BlackTitle "-"]
[WhiteFideId "4277023"]
[BlackFideId "54734258"]
[WhiteElo "2525"]
[BlackElo "2280"]

1. e4 c6 2. d4 d5 3. e5 Bf5 4. Nd2 e6 5. Nb3 Nd7 6. Nf3 Ne7 7. Be2 Ng6 8. O-O f6 9. Ne1 h5 10.
f4 h4 11. a4 Qc7 12. a5 a6 13. c4 Ne7 14. Bd2 Be4 15. Bb4 Nf5 16. Bh5+ Kd8 17. Bxf8 Nxf8 18. Qe2 h3 19. Bf3 hxg2 20.
Rf2 g5 21. Bxe4 Qh7 22. Rxg2 dxe4 23. d5 Nh4 24. Rf2 g4 25. Qd1 g3 26. dxc6+ Ke8 27. Rd2 gxh2+ 28. Rxh2 e3 29. Qc2 Qg7+ 30.
Kf1 Qg3 31. cxb7 Rb8 32. Nc5 Rg8 33. Rxh4 Qxh4 34. Ne4 Qxf4+ 35. Ke2 Qxe5 36. c5 f5 37. c6 fxe4 38. c7 Qb5+ 39. Kxe3 Qxb7 40.
cxb8=Q+ Qxb8 41. Qxe4 Qb3+ 42. Kd2 Qxb2+ 43. Nc2 Rg5 44. Ra3 Rd5+ 1/2-1/2

[Event "Masters Tournament (MTO)"]
[Site "Biel, Switzerland"]
[Date "2026.07.16"]
[Round "4.7"]
[White "Georgescu, Lena"]
[Black "Gloeckler, Christian"]
[Result "0-1"]
[TimeControl "100+30+30sec/move"]
[WhiteTitle "-"]
[BlackTitle "-"]
[WhiteFideId "1331973"]
[BlackFideId "34608966"]
[WhiteElo "2253"]
[BlackElo "2506"]

1. e4 e5 2. Nf3 Nc6 3. Bb5 a6 4. Ba4 Nf6 5. O-O Be7 6. Re1 b5 7. Bb3 O-O 8. a4 b4 9. d4 d6 10.
dxe5 Nxe5 11. Bf4 Ng6 12. Bg3 Bb7 13. Nbd2 Nd7 14. Nc4 Nc5 15. e5 Nxb3 16. cxb3 f5 17. exd6 cxd6 18. Bxd6 Bxd6 19.
Qxd6 Bxf3 20. gxf3 Qxd6 21. Nxd6 Rad8 22. Red1 f4 23. Nb7 Rde8 24. Rac1 Nh4 25. Rc7 Rf6 26. Kf1 Rfe6 27. Nc5 Rg6 28.
Ne4 Nxf3 29. Ke2 Nxh2 30. Rd4 f3+ 31. Kd3 Ng4 32. Rdd7 Ne5+ 33. Kd4 0-1

[Event "Masters Tournament (MTO)"]
[Site "Biel, Switzerland"]
[Date "2026.07.16"]
[Round "4.8"]
[White "Shukhman, Anna"]
[Black "Balabayeva, Xeniya"]
[Result "1/2-1/2"]
[TimeControl "100+30+30sec/move"]
[WhiteTitle "-"]
[BlackTitle "-"]
[WhiteFideId "54180058"]
[BlackFideId "13719688"]
[WhiteElo "2443"]
[BlackElo "2302"]

1. e4 e5 2. Nf3 Nc6 3. Bc4 Nf6 4. d3 Be7 5. O-O O-O 6. Re1 d6 7. a4 a5 8. c3 Be6 9. Bxe6 fxe6 10. Na3 h6 11. Bd2 Qd7 12. b4 axb4 13. cxb4 Nd4 14. Nxd4 exd4 15.
a5 e5 16. Qb3+ Kh7 17. Rec1 d5 18. exd5 Nxd5 19. Re1 Rf5 20. Nc4 Qe6 21. b5 Bg5 22. f3 Bf4 23. Ra2 Rg5 24. Kh1 Qg6 25.
Nxe5 Rxe5 26. Rxe5 Bxe5 27. Qxd5 Qxd3 28. Qe4+ Qxe4 29. fxe4 c5 30. bxc6 bxc6 31. g3 c5 32. Rc2 Rc8 33.
Rc4 d3 34. a6 Ra8 35. Rxc5 Rxa6 36. Rd5 Ra4 37. Rxe5 Ra1+ 38. Kg2 Ra2 39. Kf3 Rxd2 40. Rd5 Rxh2 41. Rxd3 Kg6 42. Kf4 Kf6 43.
Rd6+ Ke7 44. Ra6 Rh5 45. e5 Rg5 46. g4 Kd7 47. Ra7+ Ke6 48. Rb7 Rg6 49. Rc7 Rg5 50. Ra7 Rg6 51.
Ra6+ 1/2-1/2

[Event "Masters Tournament (MTO)"]
[Site "Biel, Switzerland"]
[Date "2026.07.16"]
[Round "4.9"]
[White "Cao, Qingfeng"]
[Black "Baenziger, Fabian"]
[Result "1/2-1/2"]
[TimeControl "100+30+30sec/move"]
[WhiteTitle "-"]
[BlackTitle "-"]
[WhiteFideId "8627568"]
[BlackFideId "1330110"]
[WhiteElo "2365"]
[BlackElo "2435"]

1. Nf3 d5 2. g3 Nf6 3. Bg2 e6 4. c4 Bd6 5. d4 O-O 6. O-O c6 7. Qc2 Nbd7 8. Nbd2 Re8 9. Re1 h6 10.
a3 a5 11. b3 e5 12. cxd5 cxd5 13. dxe5 Nxe5 14. Bb2 Nc6 15. Nd4 Bd7 16. Nxc6 Bxc6 17. Nf3 Rc8 18. Bd4 Bd7 19. Qb2 Bf5 20.
Bxf6 gxf6 21. Qd2 Kg7 22. Nd4 Be6 23. Bxd5 Be5 24. e4 Qb6 25. Rad1 Qxd4 26. Qxd4 Bxd4 27. Rxd4 Rc3 28. Re3 Rxe3 29.
fxe3 b6 30. Kf2 Kg6 31. Kf3 b5 32. b4 axb4 33. Rxb4 Bd7 34. Rd4 Re7 35. Rd3 h5 36. Kf4 Bg4 37. Bc6 Rc7 38. Rd6 Kg7 39.
e5 fxe5+ 40. Kxe5 Be2 41. Kf4 Ra7 42. Rd7 Ra4+ 43. Kg5 Rg4+ 44. Kf5 Rc4 45. Rd6 Bg4+ 46. Ke5 f6+ 47. Rxf6 Rc5+ 48.
Kd4 Rc4+ 1/2-1/2

[Event "Masters Tournament (MTO)"]
[Site "Biel, Switzerland"]
[Date "2026.07.16"]
[Round "4.10"]
[White "Sasikiran, Krishnan"]
[Black "Tkhoruk, Roman"]
[Result "1-0"]
[TimeControl "100+30+30sec/move"]
[WhiteTitle "-"]
[BlackTitle "-"]
[WhiteFideId "5004985"]
[BlackFideId "34161589"]
[WhiteElo "2546"]
[BlackElo "1967"]

1. d4 Nf6 2. c4 e6 3. Nc3 Bb4 4. e3 O-O 5. Bd3 d5 6. Nf3 b6 7. cxd5 exd5 8. O-O Bg4 9. Ne2 Nc6 10.
Qa4 Qd6 11. a3 Bxf3 12. gxf3 Ba5 13. b4 Nxb4 14. axb4 Bxb4 15. e4 dxe4 16. fxe4 Nh5 17. e5 Qe7 18. Be4 Rad8 19. Qc6 a5 20.
Bf3 Qh4 21. Kh1 f6 22. Rg1 fxe5 23. Bg5 Qxf2 24. Raf1 1-0

[Event "Masters Tournament (MTO)"]
[Site "Biel, Switzerland"]
[Date "2026.07.16"]
[Round "4.11"]
[White "Ling, Chenxuan"]
[Black "Savitha, Shri B"]
[Result "0-1"]
[TimeControl "100+30+30sec/move"]
[WhiteTitle "-"]
[BlackTitle "-"]
[WhiteFideId "30983118"]
[BlackFideId "35061887"]
[WhiteElo "2166"]
[BlackElo "2368"]

1. d4 d5 2. c4 e6 3. Nc3 Bb4 4. Nf3 dxc4 5. e3 b5 6. a4 c6 7. Bd2 a5 8. axb5 Bxc3 9. Bxc3 cxb5 10.
b3 Bb7 11. bxc4 b4 12. Bb2 Nf6 13. Bd3 O-O 14. O-O Nbd7 15. Nd2 Nc5 16. Bc2 Nce4 17. f3 Nxd2 18. Qxd2 Qe7 19. Rfc1 Rfc8 20.
Bb3 Nd7 21. e4 e5 22. c5 Bc6 23. f4 a4 24. Bd5 Bxd5 25. exd5 exf4 26. Re1 Qg5 27. d6 a3 28. Bc1 Qd5 29.
Qxb4 Rcb8 30. Qc3 Rb3 31. Qd2 g5 32. Re7 Ra4 33. Re1 Rxd4 34. Qc2 Nxc5 35. d7 Nxd7 36. Rxa3 Rxa3 37. Bxa3 Rd2 38.
Qe4 Nf6 39. Qxd5 Nxd5 40. Bc5 Kg7 41. Kf1 Kg6 42. Re2 Rd1+ 43. Re1 Rd2 44. Re2 Rd3 45. Kf2 Nf6 46. h3 Kf5 47. Bb4 Ne4+ 48.
Kg1 h5 49. Be1 Rd1 0-1

[Event "Masters Tournament (MTO)"]
[Site "Biel, Switzerland"]
[Date "2026.07.16"]
[Round "4.12"]
[White "Kudryavtsev, Eugene"]
[Black "Cherniaev, Alexander"]
[Result "0-1"]
[TimeControl "100+30+30sec/move"]
[WhiteTitle "-"]
[BlackTitle "-"]
[WhiteFideId "1315374"]
[BlackFideId "4117301"]
[WhiteElo "2146"]
[BlackElo "2275"]

1. d4 Nf6 2. c4 b6 3. Nc3 Bb7 4. Bg5 e6 5. e3 d6 6. Nf3 Nbd7 7. Be2 h6 8. Bxf6 Qxf6 9. Qa4 Qd8 10.
O-O-O a6 11. Bd3 c6 12. Qc2 b5 13. Kb1 Be7 14. c5 dxc5 15. dxc5 Bxc5 16. Ne4 Be7 17. Be2 Qc7 18. Rxd7 Qxd7 19.
Ne5 Qc7 20. f4 c5 21. Rd1 Rd8 22. Rxd8+ Qxd8 23. Nxc5 Bxc5 24. Qxc5 Qd2 25. Bf3 Bxf3 26. Qc8+ Qd8 27. Qxd8+ Kxd8 28. Nxf7+ Ke7 29. Nxh8 Be4+ 30.
Kc1 Kf8 0-1

[Event "Masters Tournament (MTO)"]
[Site "Biel, Switzerland"]
[Date "2026.07.16"]
[Round "4.13"]
[White "Dai, Wenzhi"]
[Black "Rappazzo, Johannes"]
[Result "1-0"]
[TimeControl "100+30+30sec/move"]
[WhiteTitle "-"]
[BlackTitle "-"]
[WhiteFideId "8608369"]
[BlackFideId "1340069"]
[WhiteElo "2126"]
[BlackElo "2268"]

1. e4 c5 2. Nf3 d6 3. d4 cxd4 4. Nxd4 Nf6 5. Nc3 a6 6. f3 e5 7. Nb3 Be6 8. Be3 h5 9. Qd2 Nbd7 10.
O-O-O Rc8 11. Kb1 Be7 12. Bd3 b5 13. h3 Nb6 14. Qf2 Nfd7 15. Qd2 Qc7 16. f4 Nf6 17. fxe5 dxe5 18. Bxb6 Qxb6 19.
Nd5 Nxd5 20. exd5 Bxd5 21. Bxb5+ Qxb5 22. Qxd5 Qxd5 23. Rxd5 f6 24. Rf1 O-O 25. Nd2 Rfd8 26. Rxd8+ Rxd8 27.
Kc1 Bc5 28. Re1 Kf7 29. a3 Ke6 30. c4 f5 31. b4 Be7 32. Kc2 e4 33. Re2 Ke5 34. c5 Rd3 35. c6 Bd8 36. Nc4+ Kd4 37.
Nd6 Rc3+ 38. Kb2 Rxc6 39. Nxf5+ Ke5 40. Ng3 Rc4 41. Nxh5 Kd4 42. Rd2+ 1-0

[Event "Masters Tournament (MTO)"]
[Site "Biel, Switzerland"]
[Date "2026.07.16"]
[Round "4.14"]
[White "Nguyen, Thi Mai Hung"]
[Black "Angst, Oliver"]
[Result "1-0"]
[TimeControl "100+30+30sec/move"]
[WhiteTitle "-"]
[BlackTitle "-"]
[WhiteFideId "12401676"]
[BlackFideId "1334069"]
[WhiteElo "2260"]
[BlackElo "2121"]

1. d4 d5 2. c4 c6 3. Nf3 Nf6 4. Nc3 e6 5. e3 Nbd7 6. Qc2 Bd6 7. Bd3 dxc4 8. Bxc4 b5 9. Bd3 Bb7 10.
O-O O-O 11. e4 e5 12. Bg5 h6 13. Bh4 Qe7 14. dxe5 Nxe5 15. Nxe5 Bxe5 16. f4 Qc5+ 17. Kh1 Bxc3 18. bxc3 Ng4 19.
Rae1 Nxh2 20. Kxh2 Qh5 21. g3 g5 22. fxg5 hxg5 23. Rf5 f6 24. Qb3+ Kg7 25. e5 c5 26. exf6+ Rxf6 27. Re7+ Kh8 28.
Rxf6 c4 29. Qxb5 Qd1 30. Rh6+ Kg8 31. Qxg5+ 1-0

[Event "Masters Tournament (MTO)"]
[Site "Biel, Switzerland"]
[Date "2026.07.16"]
[Round "4.15"]
[White "Xu, Chang(Cq)"]
[Black "Kukushkin, Ivan"]
[Result "1-0"]
[TimeControl "100+30+30sec/move"]
[WhiteTitle "-"]
[BlackTitle "-"]
[WhiteFideId "8641757"]
[BlackFideId "11634103"]
[WhiteElo "2125"]
[BlackElo "2257"]

1. e4 c5 2. Nf3 d6 3. d4 cxd4 4. Nxd4 Nf6 5. Nc3 a6 6. Bg5 Nbd7 7. Qe2 Qa5 8. Bd2 Qc7 9. g4 Qb6 10.
Nb3 Ne5 11. h3 Be6 12. Be3 Qc7 13. f4 Nc4 14. O-O-O Nxe3 15. Qxe3 Rc8 16. Qd4 b5 17. Rh2 Bxb3 18. axb3 e5 19.
Qe3 h6 20. Kb1 Be7 21. Qf3 exf4 22. Qxf4 Qc5 23. Rf2 O-O 24. Bd3 Qb4 25. Qd2 Bd8 26. Nd5 Nxd5 27. exd5 Qxd2 28. Rdxd2 Bf6 29.
b4 Rfe8 30. Rde2 Kf8 31. Ka2 Red8 32. Kb3 Ra8 33. Rf1 a5 34. Bxb5 axb4 35. Bc6 Ra7 36. Re4 Rb8 37. Rff4 Ra1 38.
Rxb4 Rd8 39. Rf3 Rb1 40. c3 Kg8 41. Rb7 Re1 42. Kc4 Rb1 43. b4 Rb2 44. Ra7 Rf8 45. b5 Be5 46. Ra4 Bh2 47. Rf1 Rb8 48. Rb4 Rxb4+ 49. Kxb4 g5 50. Ka5 Be5 51.
Ka6 Bxc3 52. Ka7 Rf8 53. Kb7 Bd4 54. Kc7 f6 55. Kxd6 Be5+ 56. Kc5 Kf7 57. Rf2 h5 58. Ra2 hxg4 59.
hxg4 Rh8 60. Ra7+ Kg6 61. Bd7 f5 62. Bxf5+ Kf6 63. d6 Bf4 64. Kc6 Rh1 65. d7 Rc1+ 66. Kd5 Rd1+ 67. Ke4 Ke7 68.
Ra8 Bc7 69. Re8+ Kf7 70. Rc8 Ba5 71. Rc6 Bd8 72. Ke5 Re1+ 73. Kd4 Rd1+ 74. Ke3 Re1+ 75. Kd3 Rb1 76. Rc5 Kf6 77. Kc2 Rb4 78.
Kc3 Rf4 79. b6 Rf3+ 80. Kc4 Rf4+ 81. Kb5 Rf2 82. Ka6 Ra2+ 83. Kb7 Ra3 84. Rc6+ Kf7 85. Re6 Be7 86. Kc7 Rc3+ 87. Rc6 Bd8+ 88.
Kxd8 Rxc6 89. b7 Rb6 90. Kc7 Rb3 91. d8=Q 1-0

[Event "Masters Tournament (MTO)"]
[Site "Biel, Switzerland"]
[Date "2026.07.16"]
[Round "4.16"]
[White "Ragavan, Samarth Rajesh"]
[Black "Gireada, Daniel"]
[Result "1-0"]
[TimeControl "100+30+30sec/move"]
[WhiteTitle "-"]
[BlackTitle "-"]
[WhiteFideId "39918106"]
[BlackFideId "1206451"]
[WhiteElo "2106"]
[BlackElo "2255"]

1. Nf3 d5 2. g3 c5 3. Bg2 Nc6 4. d4 Nf6 5. O-O e6 6. c4 Be7 7. cxd5 Nxd5 8. dxc5 O-O 9. Bd2 Bxc5 10.
Nc3 Nf6 11. Rc1 e5 12. Na4 Bd6 13. Be3 Qe7 14. a3 Rd8 15. Qc2 Bd7 16. Nc5 Be8 17. Bh3 b6 18. Ne4 Nd4 19. Bxd4 exd4 20.
Nxd6 Rxd6 21. Qc7 Qxc7 22. Rxc7 Bb5 23. Re1 Re8 24. Bf1 a5 25. Rd1 Bxe2 26. Bxe2 Rxe2 27. Rxd4 Rxd4 28. Nxd4 Re1+ 29.
Kg2 g6 30. Rc6 Ne4 31. Rxb6 Rd1 32. Ne2 Rd2 33. Kf3 f5 34. Ke3 Rd5 35. Nc3 Nxc3 36. bxc3 Re5+ 37. Kd2 Rd5+ 38. Kc2 Re5 39.
Rd6 Kf7 40. c4 Ke7 41. Rd2 Rc5 42. Kc3 Re5 43. Rd3 Kf6 44. Re3 Rc5 45. Kd4 Rc8 46. c5 Rd8+ 47. Kc4 Rd2 48. c6 Rd8 49.
Kb5 1-0

[Event "Masters Tournament (MTO)"]
[Site "Biel, Switzerland"]
[Date "2026.07.16"]
[Round "4.17"]
[White "Hasenohr, Benedict"]
[Black "Iafelice, Vincenzo"]
[Result "1-0"]
[TimeControl "100+30+30sec/move"]
[WhiteTitle "-"]
[BlackTitle "-"]
[WhiteFideId "1303309"]
[BlackFideId "810541"]
[WhiteElo "2247"]
[BlackElo "2086"]

1. Nf3 Nf6 2. g3 d5 3. Bg2 e6 4. d4 c5 5. O-O Nc6 6. c4 dxc4 7. Qa4 Bd7 8. Qxc4 b5 9. Qc3 b4 10.
Qe3 c4 11. Ne5 Nxe5 12. Bxa8 Qxa8 13. dxe5 Nd5 14. Qd4 Qc8 15. Nd2 Bc5 16. Qg4 Kf8 17. Qxc4 h5 18. Kh1 Nb6 19. Qc2 Ba4 20.
Nb3 Qa8+ 21. f3 Be7 22. Be3 h4 23. g4 Nd7 24. Rac1 Nxe5 25. Qc8+ Qxc8 26. Rxc8+ Be8 27. Rfc1 f5 28.
Bd4 Ng6 29. Nc5 Kf7 30. e4 Nf4 31. exf5 exf5 32. Re1 fxg4 33. Re4 Bd6 34. Nb7 1-0

[Event "Masters Tournament (MTO)"]
[Site "Biel, Switzerland"]
[Date "2026.07.16"]
[Round "4.18"]
[White "Yasaswi, Krishna Bommi"]
[Black "Matsumura, Cocoro"]
[Result "1-0"]
[TimeControl "100+30+30sec/move"]
[WhiteTitle "-"]
[BlackTitle "-"]
[WhiteFideId "33368783"]
[BlackFideId "36087114"]
[WhiteElo "2085"]
[BlackElo "2225"]

1. d4 d5 2. Bf4 c5 3. e3 Nc6 4. Nf3 Nf6 5. Nbd2 Nh5 6. dxc5 Nxf4 7. exf4 g6 8. c3 Bg7 9. Bb5 O-O 10.
O-O Qc7 11. Nb3 Rd8 12. Re1 f6 13. Qe2 Bg4 14. Bxc6 Bxf3 15. Qxf3 bxc6 16. Nd4 Rdb8 17. Re6 Rxb2 18. Rae1 Qd7 19. g3 Bf8 20. Nxc6 Re8 21.
Nb4 Rb1 22. Qxd5 Qxd5 23. Nxd5 Rxe1+ 24. Rxe1 Kf7 25. Nc7 Rc8 26. Ne6 Bh6 27. c6 Ke8 28. c7 Kd7 29. Kg2 Kd6 30. Kf3 f5 31. h3 Kd5 32. c4+ Kd6 33.
g4 Kd7 34. g5 Bf8 35. Re5 h6 36. h4 hxg5 37. hxg5 Bg7 38. Nxg7 Rxc7 39. Rd5+ 1-0

[Event "Masters Tournament (MTO)"]
[Site "Biel, Switzerland"]
[Date "2026.07.16"]
[Round "4.19"]
[White "Al Ibrahim, Abdulrahman"]
[Black "Liu, Bei"]
[Result "0-1"]
[TimeControl "100+30+30sec/move"]
[WhiteTitle "-"]
[BlackTitle "-"]
[WhiteFideId "10300503"]
[BlackFideId "8603596"]
[WhiteElo "2016"]
[BlackElo "2175"]

1. e4 c5 2. Nf3 d6 3. d4 cxd4 4. Nxd4 Nf6 5. Nc3 a6 6. Be3 e5 7. Nf3 Be7 8. Bc4 O-O 9. O-O Nc6 10.
Re1 Be6 11. Bf1 b5 12. a4 b4 13. Nd5 Nxe4 14. Bb6 Qb8 15. a5 Nf6 16. Nc7 Qb7 17. Nxa8 Rxa8 18. Ng5 Bd7 19. Nf3 Be6 20.
Nd2 d5 21. c3 Nd7 22. Be3 Bd8 23. f4 bxc3 24. bxc3 d4 25. cxd4 exd4 26. Bf2 Bxa5 27. Bd3 Nc5 28. Bf1 Bc3 29. Rb1 Qc7 30. g3 Rd8 31. Qc2 g6 32.
Rbd1 Nb4 33. Qb1 Bf5 34. Qc1 Ncd3 35. Qa3 Nxe1 0-1

[Event "Masters Tournament (MTO)"]
[Site "Biel, Switzerland"]
[Date "2026.07.16"]
[Round "4.20"]
[White "Ashwath, Kaushik"]
[Black "Coban, Ege"]
[Result "0-1"]
[TimeControl "100+30+30sec/move"]
[WhiteTitle "-"]
[BlackTitle "-"]
[WhiteFideId "33387230"]
[BlackFideId "26320304"]
[WhiteElo "2278"]
[BlackElo "1986"]

1. e4 c5 2. Nf3 Nc6 3. d4 cxd4 4. Nxd4 g6 5. c4 Nf6 6. Nc3 d6 7. Be2 Nxd4 8. Qxd4 Bg7 9. Be3 O-O 10.
Qd3 Be6 11. O-O Qa5 12. Bd4 Rfc8 13. b3 Nd7 14. Bxg7 Kxg7 15. f4 Nf6 16. Bf3 Rd8 17. Qe3 Rab8 18. Nb5 Qb6 19. Qxb6 axb6 20.
Rae1 Kf8 21. h3 h5 22. Nd4 Bc8 23. Rd1 e5 24. Nb5 Ke7 25. Nxd6 exf4 26. e5 Nd7 27. Rde1 Nc5 28. Bd5 Be6 29.
Re2 Nd3 30. Bxe6 fxe6 31. Rf3 Nxe5 32. Rxe5 Kxd6 33. Rb5 Rf8 34. Rxb6+ Ke5 35. Rf1 Kf5 36. Rb5+ e5 37. g3 g5 38. h4 Rg8 39. Kh2 Ke4 40.
Re1+ Kf3 41. Rbxe5 fxg3+ 42. Kg1 Rbf8 43. hxg5 h4 44. g6 Kg4 45. R1e4+ Rf4 46. Re7 Rxg6 47. Rxf4+ Kxf4 48. Rxb7 Rd6 49. Rf7+ Kg4 50. c5 Rd1+ 51.
Rf1 Rxf1+ 52. Kxf1 Kf3 53. c6 g2+ 54. Kg1 Kg3 55. c7 h3 0-1

[Event "Masters Tournament (MTO)"]
[Site "Biel, Switzerland"]
[Date "2026.07.16"]
[Round "4.21"]
[White "Arsenie, Cristian Marc"]
[Black "Kwiatkowski, Jakub"]
[Result "1/2-1/2"]
[TimeControl "100+30+30sec/move"]
[WhiteTitle "-"]
[BlackTitle "-"]
[WhiteFideId "1345923"]
[BlackFideId "1348736"]
[WhiteElo "2300"]
[BlackElo "2107"]

1. e4 c5 2. Nf3 d6 3. d4 cxd4 4. Nxd4 Nf6 5. Nc3 a6 6. Be3 e5 7. Nb3 Be7 8. h3 h6 9. Rg1 Be6 10. Qf3 Nbd7 11. O-O-O Rc8 12. Nd5 Bxd5 13. exd5 Qc7 14. Bd3 Nf8 15.
Kb1 Ng6 16. g3 O-O 17. Bf5 Rb8 18. h4 Rfe8 19. Nd2 b5 20. h5 Nf8 21. Ne4 Nxe4 22. Bxe4 Qd8 23. Qg4 Bg5 24. Bxg5 Qxg5 25.
Qh3 Nh7 26. f3 Nf6 27. Rh1 Qe3 28. Qf5 Rbc8 29. g4 Rc4 30. Rhe1 Qf2 31. Rf1 Qg2 32. Rg1 Qh2 33. Rh1 Qf2 34.
Rhf1 Qh2 35. Rh1 Qf2 36. Rhf1 1/2-1/2

[Event "Masters Tournament (MTO)"]
[Site "Biel, Switzerland"]
[Date "2026.07.16"]
[Round "4.22"]
[White "Schnell, Simon"]
[Black "Aryan, Goyal"]
[Result "1-0"]
[TimeControl "100+30+30sec/move"]
[WhiteTitle "-"]
[BlackTitle "-"]
[WhiteFideId "1345311"]
[BlackFideId "366108825"]
[WhiteElo "2211"]
[BlackElo "2029"]

1. d4 Nf6 2. c4 e6 3. Nc3 Bb4 4. e3 O-O 5. Bd3 b6 6. e4 Bb7 7. Bg5 h6 8. h4 Be7 9. e5 Ne8 10.
Qh5 f5 11. exf6 Nxf6 12. Qe2 c5 13. d5 exd5 14. cxd5 d6 15. O-O-O Nbd7 16. Nf3 Ne5 17. Nxe5 dxe5 18. d6 Bxd6 19.
Bc4+ Kh8 20. Nb5 1-0

[Event "Masters Tournament (MTO)"]
[Site "Biel, Switzerland"]
[Date "2026.07.16"]
[Round "4.23"]
[White "Harish, Neeraj"]
[Black "Stevens, Christian"]
[Result "1-0"]
[TimeControl "100+30+30sec/move"]
[WhiteTitle "-"]
[BlackTitle "-"]
[WhiteFideId "30958130"]
[BlackFideId "649090"]
[WhiteElo "2201"]
[BlackElo "2014"]

1. e4 c5 2. Nf3 d6 3. d4 cxd4 4. Nxd4 Nf6 5. Nc3 a6 6. Be3 e6 7. a3 Qc7 8. g4 b5 9. g5 Nfd7 10.
f4 Bb7 11. Qd2 Nb6 12. O-O-O N8d7 13. Kb1 Rc8 14. Bd3 Nc4 15. Bxc4 Qxc4 16. f5 e5 17. Nb3 b4 18. axb4 Qxb4 19.
Qd3 Rxc3 20. bxc3 Qxe4 21. Rhe1 Be7 22. Bc1 Qxd3 23. Rxd3 d5 24. h4 f6 25. Nd4 Nc5 26. Rde3 Kf7 27.
h5 Rb8 28. g6+ Kg8 29. gxh7+ Kxh7 30. h6 Bc8+ 31. Ka2 Ne4 32. Ne6 Bxe6 33. fxe6 g5 34. c4 Bb4 35. cxd5 Nd6 36. Ba3 a5 37.
Rb1 Rb5 38. c3 Bxa3 39. Rxb5 Nxb5 40. c4 Bc5 41. cxb5 1-0